[Event "WJCC U20 Open 2019"]
[Site "New Delhi"]
[Date "2019.10.17"]
[Round "4.45"]
[White "Swarnavo Choudhury"]
[Black "Raahul V S"]
[Result "1/2-1/2"]
[ECO "C60"]
[WhiteElo "1797"]
[BlackElo "2262"]
[Annotator "NA"]
[PlyCount "90"]
[EventDate "2019.10.15"]
[EventType "swiss"]
[EventCountry "IND"]
[SourceTitle "playchess.com"]
[Source "ChessBase"]
[SourceQuality "1"]
[TimeControl "40/5400+30:1800+30"]

1. e4 e5 2. Nf3 Nc6 3. Bb5 g6 4. O-O Bg7 5. c3 a6 6. Ba4 d6 7. d4 Bd7 8. Re1 Nge7 9. Bg5 h6 10. Bh4 b5 11. Bc2 O-O 12. dxe5 dxe5 13. Bg3 Nc8 14. Nbd2 Nd6 15. h3 Qe7 16. Nf1 Na5 17. Ne3 c6 18. Nf1 Rad8 19. b3 Nab7 20. Qe2 f6 21. Rad1 Nc5 22. Nh4 Be8 23. f4 Ndb7 24. Rxd8 Nxd8 25. f5 g5 26. Ng6 Bxg6 27. fxg6 Nce6 28. Ne3 Qc5 29. Kh1 Qxc3 30. Nf5 Nd4 31. Nxd4 exd4 32. Bd6 Re8 33. Rd1 Ne6 34. Qf2 c5 35. e5 Qe3 36. Qf5 Qf4 37. exf6 Qxf5 38. Bxf5 Bxf6 39. Re1 Ng7 40. Rxe8+ Nxe8 41. Bxc5 Kg7 42. Kg1 Nc7 43. Kf2 Nd5 44. a3 Nf4 45. g3 Nxg6 1/2-1/2

[Event "WJCC U20 Open 2019"]
[Site "New Delhi"]
[Date "2019.10.17"]
[Round "4.46"]
[White "Licheli, Luka"]
[Black "Zrikem, Nassim"]
[Result "1-0"]
[ECO "C26"]
[WhiteElo "2010"]
[BlackElo "2125"]
[Annotator "NA"]
[PlyCount "55"]
[EventDate "2019.10.15"]
[EventType "swiss"]
[EventCountry "IND"]
[SourceTitle "playchess.com"]
[Source "ChessBase"]
[SourceQuality "1"]
[TimeControl "40/5400+30:1800+30"]

1. e4 e5 2. Nc3 Nf6 3. g3 d5 4. exd5 Nxd5 5. Bg2 Nxc3 6. bxc3 Bc5 7. d3 O-O 8. Qe2 Nc6 9. Nf3 Qf6 10. Ng5 Bb6 11. O-O h6 12. Ne4 Qg6 13. Ba3 Re8 14. h3 Rb8 15. Kh2 f5 16. Nd2 Be6 17. Nb3 Bxb3 18. axb3 e4 19. d4 Rbd8 20. Rae1 Kh8 21. f3 f4 22. gxf4 exf3 23. Qxf3 Qxc2 24. f5 Qxb3 25. Rxe8+ Rxe8 26. Qh5 Qg8 27. f6 gxf6 28. Rxf6 1-0

[Event "WJCC U20 Open 2019"]
[Site "New Delhi"]
[Date "2019.10.18"]
[Round "5.2"]
[White "Hakobyan, Aram"]
[Black "Santos Ruiz, Miguel"]
[Result "1-0"]
[ECO "D38"]
[WhiteElo "2561"]
[BlackElo "2560"]
[Annotator "RC"]
[PlyCount "59"]
[EventDate "2019.10.15"]
[EventType "swiss"]
[EventCountry "IND"]
[SourceTitle "playchess.com"]
[Source "ChessBase"]
[SourceQuality "1"]
[TimeControl "40/5400+30:1800+30"]

1. d4 Nf6 2. Nf3 d5 3. c4 e6 4. Nc3 Bb4 5. Qa4+ Nc6 6. e3 O-O 7. Qc2 b6 8. Bd2 Bb7 9. a3 Bd6 10. cxd5 exd5 11. Nb5 Be7 12. Bd3 a6 13. Nc3 Bd6 14. O-O Re8 15. b4 Qe7 16. Rfc1 Nb8 17. Qb3 b5 18. a4 c6 19. e4 dxe4 20. Nxe4 Nbd7 21. Bg5 Bxb4 22. Ne5 Qe6 23. Qxb4 Nxe4 24. Bxe4 Nxe5 25. axb5 axb5 26. Rxa8 Bxa8 27. dxe5 Qxe5 28. Re1 Kh8 29. Bh4 f5 30. f4 1-0

[Event "WJCC U20 Open 2019"]
[Site "New Delhi"]
[Date "2019.10.18"]
[Round "5.7"]
[White "Costachi, Mihnea"]
[Black "Wang, Shixu B"]
[Result "1/2-1/2"]
[ECO "D37"]
[WhiteElo "2463"]
[BlackElo "2370"]
[Annotator "ChessBase"]
[PlyCount "46"]
[EventDate "2019.10.15"]
[EventType "swiss"]
[EventCountry "IND"]
[SourceTitle "playchess.com"]
[Source "ChessBase"]
[SourceQuality "1"]
[TimeControl "40/5400+30:1800+30"]

1. d4 Nf6 2. c4 e6 3. Nf3 d5 4. Nc3 Be7 5. Bg5 h6 6. Bxf6 Bxf6 7. Qc2 c6 8. e4 O-O 9. O-O-O Na6 10. h3 Nb4 11. Qd2 dxc4 12. g4 c5 13. g5 Bxd4 14. gxh6 Qf6 15. Rg1 Qxf3 16. hxg7 Rd8 17. Qh6 Be3+ 18. fxe3 Nxa2+ 19. Kc2 Nb4+ 20. Kc1 Na2+ 21. Kc2 Nb4+ 22. Kc1 Na2+ 23. Kc2 Nb4+ 1/2-1/2

[Event "WJCC U20 Open 2019"]
[Site "New Delhi"]
[Date "2019.10.18"]
[Round "5.11"]
[White "Miciano, John Marvin"]
[Black "Kollars, Dmitrij"]
[Result "1/2-1/2"]
[ECO "A06"]
[WhiteElo "2345"]
[BlackElo "2587"]
[Annotator "ChessBase"]
[PlyCount "160"]
[EventDate "2019.10.15"]
[EventType "swiss"]
[EventCountry "IND"]
[SourceTitle "playchess.com"]
[Source "ChessBase"]
[SourceQuality "1"]
[TimeControl "40/5400+30:1800+30"]

1. Nf3 d5 2. g3 Nf6 3. Bg2 Bf5 4. O-O e6 5. d3 Be7 6. c4 c6 7. Be3 Nbd7 8. Qb3 Qc7 9. Rc1 O-O 10. Nc3 dxc4 11. Qxc4 e5 12. d4 Nb6 13. Qb3 Be6 14. Qc2 Ng4 15. Bd2 exd4 16. Nb5 Qc8 17. Nbxd4 Bd7 18. b4 Bf6 19. Rab1 Re8 20. a4 Ne5 21. Ng5 Ng6 22. Ngf3 Ne5 23. Nxe5 Bxe5 24. Nf3 Bf6 25. Ng5 Bf5 26. e4 Bg6 27. Re1 Nd7 28. Nh3 Bd4 29. Nf4 a6 30. Rbd1 Ne5 31. Bc3 Ba7 32. h3 f6 33. Nxg6 hxg6 34. Kh1 Qe6 35. f4 Nc4 36. Bd4 b5 37. Bf1 Kh7 38. Kh2 a5 39. Bxc4 bxc4 40. bxa5 Reb8 41. f5 gxf5 42. exf5 Qf7 43. Re4 Rd8 44. Bxa7 Rxd1 45. Qxd1 Qxa7 46. Qe2 Qf7 47. Qxc4 Qxc4 48. Rxc4 Rxa5 49. g4 Kg8 50. Kg3 Kf7 51. Re4 Rc5 52. h4 Rc1 53. g5 fxg5 54. hxg5 c5 55. Re6 c4 56. Rc6 c3 57. Rc7+ Kf8 58. Kf2 c2 59. Ke2 Ra1 60. Rxc2 Rxa4 61. Kf3 Rb4 62. Re2 Kf7 63. Rc2 Ra4 64. Rc7+ Kf8 65. Rc6 Kf7 66. Rc7+ Kf8 67. g6 Rb4 68. Rf7+ Kg8 69. Ke3 Ra4 70. Rd7 Kf8 71. Rd4 Ra8 72. Kf4 Rb8 73. Rd7 Re8 74. Rd5 Re1 75. Re5 Rf1+ 76. Ke4 Re1+ 77. Kd5 Ra1 78. Kc6 Ra6+ 79. Kc7 Ra7+ 80. Kb6 Ra1 1/2-1/2

[Event "WJCC U20 Open 2019"]
[Site "New Delhi"]
[Date "2019.10.18"]
[Round "5.12"]
[White "Harsha Bharathakoti"]
[Black "Sankalp Gupta"]
[Result "1-0"]
[ECO "E10"]
[WhiteElo "2530"]
[BlackElo "2369"]
[Annotator "ChessBase"]
[PlyCount "129"]
[EventDate "2019.10.15"]
[EventType "swiss"]
[EventCountry "IND"]
[SourceTitle "playchess.com"]
[Source "ChessBase"]
[SourceQuality "1"]
[TimeControl "40/5400+30:1800+30"]

1. d4 e6 2. c4 Nf6 3. Nf3 d5 4. g3 Bb4+ 5. Bd2 Be7 6. Bg2 c6 7. O-O Nbd7 8. Qc2 O-O 9. a4 Ne4 10. a5 a6 11. Rd1 f5 12. Nc3 Bf6 13. Na4 Qe7 14. Bc3 g5 15. Ne5 Nxc3 16. Qxc3 Nxe5 17. dxe5 Bg7 18. f4 gxf4 19. gxf4 Kh8 20. b4 Bh6 21. e3 Rg8 22. Kh1 Bd7 23. Rg1 Rg7 24. Nc5 Rag8 25. Bf3 Rxg1+ 26. Rxg1 Rxg1+ 27. Kxg1 Be8 28. Qd4 Bf8 29. Kf1 Kg7 30. Ke2 Kh8 31. Kd3 Kg7 32. Kc3 Kh8 33. Kb3 Kg7 34. Kc3 Kh8 35. Nd3 Qd8 36. Qb6 Qxb6 37. axb6 Kg7 38. Kd4 Kf7 39. Nc5 Bxc5+ 40. Kxc5 Ke7 41. Be2 Kd7 42. Bd1 dxc4 43. Kxc4 Bf7 44. Kc5 Be8 45. Bf3 Bg6 46. Bd1 Bf7 47. Bc2 Bg6 48. Kd4 h6 49. Bd3 Bh7 50. e4 fxe4 51. Bxe4 Bf5 52. Ke3 Bh3 53. Kf3 Kd8 54. Bd3 h5 55. Kg3 Bg4 56. Kh4 Bf3 57. Kg5 Ke7 58. h4 Kf7 59. Bg6+ Ke7 60. Bxh5 Bxh5 61. Kxh5 Kd7 62. Kg6 c5 63. bxc5 a5 64. f5 a4 65. Kf7 1-0

[Event "WJCC U20 Open 2019"]
[Site "New Delhi"]
[Date "2019.10.18"]
[Round "5.14"]
[White "Rahul Srivatshav P"]
[Black "Aronyak Ghosh"]
[Result "1/2-1/2"]
[ECO "A30"]
[WhiteElo "2460"]
[BlackElo "2380"]
[Annotator "ChessBase"]
[PlyCount "67"]
[EventDate "2019.10.15"]
[EventType "swiss"]
[EventCountry "IND"]
[SourceTitle "playchess.com"]
[Source "ChessBase"]
[SourceQuality "1"]
[TimeControl "40/5400+30:1800+30"]

1. c4 c5 2. b3 Nc6 3. Nf3 e5 4. Bb2 d6 5. Nc3 g6 6. g3 Bg7 7. d3 Nge7 8. Bg2 h6 9. Nd2 Be6 10. a3 d5 11. cxd5 Nxd5 12. Rc1 Rc8 13. O-O Nde7 14. b4 cxb4 15. axb4 Nxb4 16. Qa4+ Nbc6 17. Nb5 O-O 18. Nxa7 Nxa7 19. Qxa7 Ra8 20. Qc5 Ra2 21. Qb5 Qd7 22. Qxd7 Bxd7 23. Rb1 Bc6 24. Nc4 b5 25. Nxe5 Bxg2 26. Kxg2 Rc8 27. d4 Rc2 28. Ba1 Rxe2 29. Rxb5 Nf5 30. Kh3 Rxf2 31. Rxf2 Rxf2 32. Rb8+ Kh7 33. Nxf7 Nxd4 34. Bxd4 1/2-1/2

[Event "WJCC U20 Open 2019"]
[Site "New Delhi"]
[Date "2019.10.18"]
[Round "5.15"]
[White "Batsuren, Dambasuren"]
[Black "Audi Ameya"]
[Result "0-1"]
[ECO "E61"]
[WhiteElo "2454"]
[BlackElo "2336"]
[Annotator "RC"]
[PlyCount "88"]
[EventDate "2019.10.15"]
[EventType "swiss"]
[EventCountry "IND"]
[SourceTitle "playchess.com"]
[Source "ChessBase"]
[SourceQuality "1"]
[TimeControl "40/5400+30:1800+30"]

1. d4 Nf6 2. c4 g6 3. Nc3 Bg7 4. Nf3 O-O 5. g3 c5 6. d5 d6 7. Bg2 e6 8. O-O exd5 9. cxd5 Re8 10. Nd2 Nbd7 11. h3 a6 12. a4 Rb8 13. Nc4 Ne5 14. Na3 Nh5 15. e4 Bd7 16. f4 Nxg3 17. fxe5 Bxe5 18. Rf2 b5 19. axb5 axb5 20. Nc2 Qh4 21. Qf3 Re7 22. Ra7 b4 23. Nd1 Rbe8 24. Rxd7 Rxd7 25. Qd3 Rde7 26. Bd2 b3 27. Qxb3 Nxe4 28. Bxe4 Qxe4 29. Nde3 Bg3 30. Rf1 Qh4 31. Kg2 Bf4 32. Rf3 Qg5+ 33. Kf1 Bh2 34. Ne1 Qg1+ 35. Ke2 f5 36. Rf1 Qg5 37. Nf3 Qh5 38. Kd1 Bf4 39. Nc4 Qxh3 40. Bxf4 Qxf1+ 41. Kc2 Re4 42. Ncd2 c4 43. Qb5 Qd3+ 44. Kd1 Ra8 0-1

[Event "WJCC U20 Open 2019"]
[Site "New Delhi"]
[Date "2019.10.18"]
[Round "5.17"]
[White "Neelash Saha"]
[Black "Murzin, Volodar"]
[Result "0-1"]
[ECO "B51"]
[WhiteElo "2334"]
[BlackElo "2433"]
[Annotator "NA"]
[PlyCount "138"]
[EventDate "2019.10.15"]
[EventType "swiss"]
[EventCountry "IND"]
[SourceTitle "playchess.com"]
[Source "ChessBase"]
[SourceQuality "1"]
[TimeControl "40/5400+30:1800+30"]

1. e4 c5 2. Nf3 d6 3. Bb5+ Nd7 4. O-O a6 5. Bd3 Ngf6 6. Re1 e6 7. c3 Be7 8. Bc2 b5 9. d4 Bb7 10. Nbd2 Qc7 $11 11. Nf1 Rc8 12. Bd3 O-O 13. Ng3 Rfe8 14. h3 b4 15. Bd2 a5 16. Rc1 Qb8 17. Qe2 cxd4 18. cxd4 Rxc1 19. Bxc1 Rc8 20. Nh2 Qc7 21. Bg5 Qd8 22. Rd1 Nh5 23. Bxe7 Nxg3 24. Qg4 Ne2+ 25. Qxe2 Qxe7 26. Nf3 Nf8 27. Qd2 Qd8 28. Rc1 Rxc1+ 29. Qxc1 h6 30. Qc2 Ng6 31. g3 Ne7 32. Qe2 Qc8 33. Qc2 Qxc2 34. Bxc2 Ba6 35. Kg2 Kf8 36. Ba4 d5 37. exd5 Nxd5 38. Ne5 Nb6 39. Bc2 f6 40. Ng4 Nc4 41. b3 Na3 42. Ne3 Nb5 43. Bd3 Bb7+ 44. Kf1 Nxd4 45. Ke1 Ke7 46. Kd2 Bd5 47. f4 Kd6 48. Kc1 Kc5 49. h4 Nc6 50. Kd2 Ne7 51. g4 g5 52. fxg5 fxg5 53. hxg5 hxg5 54. Nd1 Kd4 55. Ne3 Ng8 56. Nc2+ Ke5 57. Ne3 Nf6 58. Bc4 Kf4 59. Bxd5 exd5 60. Kd3 Ke5 61. Nf5 Nxg4 62. Nd4 Nf2+ 63. Ke3 Nd1+ 64. Kd3 g4 65. Nc6+ Kf4 66. Ke2 g3 67. Kf1 Ne3+ 68. Ke2 Ke4 69. Nxa5 d4 {[%emt 0:00:04] Kd3+} 0-1

[Event "WJCC U20 Open 2019"]
[Site "New Delhi"]
[Date "2019.10.18"]
[Round "5.18"]
[White "Saurabh Anand"]
[Black "Davtyan, Artur"]
[Result "1/2-1/2"]
[ECO "C45"]
[WhiteElo "2236"]
[BlackElo "2418"]
[Annotator "NA RC"]
[PlyCount "60"]
[EventDate "2019.10.15"]
[EventType "swiss"]
[EventCountry "IND"]
[SourceTitle "playchess.com"]
[Source "ChessBase"]
[SourceQuality "1"]
[TimeControl "40/5400+30:1800+30"]

1. e4 e5 2. Nf3 Nc6 3. d4 exd4 4. Nxd4 Bc5 5. Nb3 Bb6 6. Nc3 Nf6 7. Qe2 a5 8. a4 O-O 9. Bg5 Nd4 10. Qd2 Nxb3 11. cxb3 h6 12. Be3 Bxe3 13. Qxe3 c6 14. O-O-O d5 15. exd5 cxd5 16. Qd4 Be6 17. Kb1 Rc8 18. Bb5 Qd6 19. f3 Rc7 20. g4 Rfc8 21. Ka2 Qc5 22. h4 Rd8 23. Rh2 Qxd4 24. Rxd4 Kf8 25. Rhd2 Rc5 26. Bc4 Rd7 27. Bb5 Rd8 28. Bc4 Rd7 29. Bb5 Rd8 30. Bc4 Rd7 1/2-1/2

[Event "WJCC U20 Open 2019"]
[Site "New Delhi"]
[Date "2019.10.18"]
[Round "5.22"]
[White "Parkhov, Yair"]
[Black "Kuybokarov, Temur"]
[Result "1/2-1/2"]
[ECO "D20"]
[WhiteElo "2350"]
[BlackElo "2501"]
[Annotator "ChessBase"]
[PlyCount "62"]
[EventDate "2019.10.15"]
[EventType "swiss"]
[EventCountry "IND"]
[SourceTitle "playchess.com"]
[Source "ChessBase"]
[SourceQuality "1"]
[TimeControl "40/5400+30:1800+30"]

1. d4 d5 2. c4 dxc4 3. e4 e5 4. Nf3 exd4 5. Bxc4 Bb4+ 6. Bd2 Bxd2+ 7. Nbxd2 Qf6 8. Nb3 Nc6 9. Nbxd4 Nge7 10. Nb5 Qf4 11. O-O O-O 12. Qc1 Qxe4 13. Re1 Qg6 14. Nxc7 Rb8 15. Nd5 Nxd5 16. Bxd5 Bh3 17. Ne5 Nxe5 18. Rxe5 Bd7 19. Qe3 b6 20. Re1 Bc6 21. h3 h6 22. Qe4 Bxd5 23. Qxg6 fxg6 24. Rxd5 Rfd8 25. Red1 Rxd5 26. Rxd5 Rc8 27. Rd7 Rc2 28. Rxa7 Rxb2 29. a4 g5 30. f3 Kh7 31. a5 bxa5 1/2-1/2

[Event "WJCC U20 Open 2019"]
[Site "New Delhi"]
[Date "2019.10.18"]
[Round "5.23"]
[White "Eugene, Floryan"]
[Black "Drygalov, Sergey"]
[Result "0-1"]
[ECO "B23"]
[WhiteElo "2346"]
[BlackElo "2470"]
[Annotator "ChessBase"]
[PlyCount "56"]
[EventDate "2019.10.15"]
[EventType "swiss"]
[EventCountry "IND"]
[SourceTitle "playchess.com"]
[Source "ChessBase"]
[SourceQuality "1"]
[TimeControl "40/5400+30:1800+30"]

1. e4 c5 2. Nc3 d6 3. d4 cxd4 4. Qxd4 Nc6 5. Qd2 Nf6 6. b3 e6 7. Bb2 d5 8. exd5 exd5 9. O-O-O Be6 10. Kb1 Qa5 11. Nb5 Qxd2 12. Rxd2 O-O-O 13. f3 Bc5 14. Ne2 Rhe8 15. Ned4 Bd7 16. Bd3 Ne5 17. Nf5 Nxd3 18. Nbd6+ Kc7 19. Bxf6 gxf6 20. Nxe8+ Rxe8 21. Ng7 Re5 22. Rxd3 Rg5 23. Re1 Rxg7 24. Rxd5 Kc6 25. Rh5 Rxg2 26. Rxh7 Bf5 27. Rh8 Bxc2+ 28. Kb2 Bf5+ 0-1

[Event "WJCC U20 Open 2019"]
[Site "New Delhi"]
[Date "2019.10.18"]
[Round "5.24"]
[White "Vykouk, Jan"]
[Black "O`Donnell, Conor"]
[Result "1/2-1/2"]
[ECO "C42"]
[WhiteElo "2468"]
[BlackElo "2345"]
[Annotator "ChessBase"]
[PlyCount "71"]
[EventDate "2019.10.15"]
[EventType "swiss"]
[EventCountry "IND"]
[SourceTitle "playchess.com"]
[Source "ChessBase"]
[SourceQuality "1"]
[TimeControl "40/5400+30:1800+30"]

1. e4 e5 2. Nf3 Nf6 3. Nxe5 d6 4. Nd3 Nxe4 5. Qe2 Qe7 6. Nf4 Nc6 7. c3 Nf6 8. Na3 g5 9. Qxe7+ Bxe7 10. Ne2 Bd7 11. d4 Rg8 12. Ng3 O-O-O 13. Bd3 Rde8 14. O-O h5 15. Nc4 Bd8 16. Nf5 d5 17. Nce3 Ne7 18. Nh6 Rg7 19. f3 Be6 20. g4 Rh8 21. Nhf5 Nxf5 22. Nxf5 Rgh7 23. Ng3 Rg7 24. h3 c6 25. Kg2 Kd7 26. Bd2 Bc7 27. Rae1 Rgg8 28. Rf2 hxg4 29. fxg4 Bxg3 30. Kxg3 Ne4+ 31. Bxe4 dxe4 32. Rxe4 Rg6 33. Rh2 Bxa2 34. Re5 f6 35. Ra5 Bc4 36. h4 1/2-1/2

[Event "WJCC U20 Open 2019"]
[Site "New Delhi"]
[Date "2019.10.18"]
[Round "5.26"]
[White "Aditya Mittal"]
[Black "Garidmagnai, Byambasuren"]
[Result "1-0"]
[ECO "E91"]
[WhiteElo "2430"]
[BlackElo "2327"]
[Annotator "NA RC"]
[PlyCount "83"]
[EventDate "2019.10.15"]
[EventType "swiss"]
[EventCountry "IND"]
[SourceTitle "playchess.com"]
[Source "ChessBase"]
[SourceQuality "1"]
[TimeControl "40/5400+30:1800+30"]

1. d4 Nf6 2. c4 g6 3. Nc3 Bg7 4. e4 d6 5. Nf3 O-O 6. Be2 Na6 7. O-O e5 8. Be3 Ng4 9. Bg5 Qe8 10. dxe5 dxe5 11. h3 h6 12. Bd2 Nf6 13. Be3 Qe7 14. a3 c6 15. Qc2 Nh5 16. Rfd1 Nf4 17. Bf1 Nc7 18. b4 Qf6 19. Bc5 Nxh3+ 20. gxh3 Qxf3 21. Bxf8 Bxf8 22. Ne2 a5 23. Bg2 Qf6 24. Qc3 Ne6 25. c5 h5 26. Rd3 h4 27. Rad1 Be7 28. Qd2 Kg7 29. Qb2 Nf4 30. Nxf4 Qxf4 31. b5 Bxc5 32. bxc6 bxc6 33. Qc2 Bb6 34. Rf3 Qg5 35. Qb3 Bc5 36. Qxf7+ Kh6 37. Qc7 Qe7 38. Qd8 Rb8 39. Qh8+ Kg5 40. Kh2 Bd6 41. Rg3+ hxg3+ 42. fxg3 1-0

[Event "WJCC U20 Open 2019"]
[Site "New Delhi"]
[Date "2019.10.18"]
[Round "5.27"]
[White "Sterck, Arno"]
[Black "Bharath Subramaniyam H"]
[Result "0-1"]
[ECO "A62"]
[WhiteElo "2331"]
[BlackElo "2417"]
[Annotator "NA"]
[PlyCount "66"]
[EventDate "2019.10.15"]
[EventType "swiss"]
[EventCountry "IND"]
[SourceTitle "playchess.com"]
[Source "ChessBase"]
[SourceQuality "1"]
[TimeControl "40/5400+30:1800+30"]

1. d4 Nf6 2. c4 e6 3. g3 c5 4. d5 exd5 5. cxd5 d6 6. Nc3 g6 7. Bg2 Bg7 8. Nf3 O-O 9. O-O a6 10. a4 Nbd7 11. Bf4 Qe7 12. Rb1 Ng4 13. Bg5 Qe8 14. h3 h6 15. Bd2 Nge5 16. b4 Nc4 17. Qb3 b5 18. Be1 Rb8 19. axb5 axb5 20. Nxb5 Rxb5 21. Qxc4 Nb6 22. Qf4 Bf5 23. Rd1 Qxe2 24. Rd2 Qe4 25. Qxd6 Nc4 26. Qa6 Nxd2 27. Nxd2 Qxb4 28. Ne4 Qb3 29. Qd6 c4 30. Qf4 c3 31. Nd6 Rb4 32. Qe3 Bd7 33. Be4 Bxh3 0-1

[Event "WJCC U20 Open 2019"]
[Site "New Delhi"]
[Date "2019.10.18"]
[Round "5.28"]
[White "Bronstein, Or"]
[Black "Wagh Suyog"]
[Result "1-0"]
[ECO "E06"]
[WhiteElo "2413"]
[BlackElo "2229"]
[Annotator "NA RC"]
[PlyCount "61"]
[EventDate "2019.10.15"]
[EventType "swiss"]
[EventCountry "IND"]
[SourceTitle "playchess.com"]
[Source "ChessBase"]
[SourceQuality "1"]
[TimeControl "40/5400+30:1800+30"]

1. d4 Nf6 2. c4 e6 3. Nf3 d5 4. g3 Be7 5. Bg2 O-O 6. Qc2 c5 7. O-O cxd4 8. Nxd4 Nc6 9. Nxc6 bxc6 10. b3 $11 e5 11. Rd1 Be6 12. Bb2 Bd6 13. e3 Rc8 14. Nc3 Bb8 15. Rac1 Qe7 16. cxd5 cxd5 17. Qd3 Rcd8 18. Qa6 h5 19. Qa5 h4 20. Nxd5 Nxd5 21. Bxd5 Bg4 22. Rd2 e4 23. Rc6 Kh7 24. Ba3 Qe5 25. Rd4 Rfe8 26. Rc5 h3 27. Bxf7 Rxd4 28. exd4 Qf6 29. Rh5+ Bxh5 30. Qxh5+ Qh6 31. Qxh6+ 1-0

[Event "WJCC U20 Open 2019"]
[Site "New Delhi"]
[Date "2019.10.18"]
[Round "5.30"]
[White "Nitish Belurkar"]
[Black "Percivaldi, Martin"]
[Result "1/2-1/2"]
[ECO "C54"]
[WhiteElo "2311"]
[BlackElo "2391"]
[Annotator "NA RC"]
[PlyCount "82"]
[EventDate "2019.10.15"]
[EventType "swiss"]
[EventCountry "IND"]
[SourceTitle "playchess.com"]
[Source "ChessBase"]
[SourceQuality "1"]
[TimeControl "40/5400+30:1800+30"]

1. e4 e5 2. Nf3 Nc6 3. Bc4 Bc5 4. c3 Nf6 5. d4 exd4 6. e5 d5 7. Bb5 Ne4 8. cxd4 Bb6 9. Nc3 O-O 10. Be3 Bg4 11. h3 Bh5 12. Qc2 Nxc3 13. bxc3 f6 14. Bxc6 Bxf3 15. gxf3 bxc6 16. a4 a6 17. a5 Ba7 18. f4 Qe7 19. Qd3 c5 20. Rb1 c4 21. Qc2 Rab8 22. Ke2 c5 23. Rhg1 cxd4 24. cxd4 Rb5 25. Qf5 fxe5 26. Qxe5 Qf7 27. Rxb5 axb5 28. f5 Bb8 29. Qe6 Kh8 30. Rb1 Qh5+ 31. Kd2 Qf3 32. Rxb5 Bf4 33. Kc3 Bxe3 34. fxe3 Qf1 35. Qxd5 Qc1+ 36. Kb4 c3 37. Qc5 Qb1+ 38. Kxc3 Qc1+ 39. Kb4 Qb1+ 40. Kc3 Qc1+ 41. Kb4 Qb1+ 1/2-1/2

[Event "WJCC U20 Open 2019"]
[Site "New Delhi"]
[Date "2019.10.18"]
[Round "5.31"]
[White "Vatsal Singhania"]
[Black "Anuj Shrivatri"]
[Result "0-1"]
[ECO "C50"]
[WhiteElo "2157"]
[BlackElo "2390"]
[Annotator "NA"]
[PlyCount "178"]
[EventDate "2019.10.15"]
[EventType "swiss"]
[EventCountry "IND"]
[SourceTitle "playchess.com"]
[Source "ChessBase"]
[SourceQuality "1"]
[TimeControl "40/5400+30:1800+30"]

1. e4 e5 2. Nf3 Nc6 3. Bc4 Nf6 4. d3 Bc5 5. O-O d6 6. a4 a6 7. c3 Ba7 8. Nbd2 O-O 9. h3 Ne7 10. Re1 Ng6 11. Nf1 c6 12. Bb3 d5 13. exd5 Nxd5 14. d4 exd4 15. cxd4 Ndf4 16. Be3 Be6 17. Bxe6 Nxe6 18. Qb3 Qd5 19. N1d2 Qxb3 20. Nxb3 Rfd8 21. Na5 Rd7 22. b3 Ne7 23. Rac1 Nd5 24. Red1 f6 25. Kf1 Kf7 26. b4 g6 27. Rd3 Bb6 28. Nc4 Bd8 29. Rb3 Nec7 30. Bd2 Be7 31. Re1 Bd6 32. Rbb1 Re8 33. Rxe8 Kxe8 34. Na5 Ne6 35. b5 cxb5 36. axb5 b6 37. Nc4 a5 38. Ne3 Nec7 39. Ne1 Bb4 40. Nf3 Bxd2 41. Nxd2 Nc3 42. Re1 Kd8 43. Ndc4 Rxd4 44. Nxb6 N7xb5 45. Ra1 a4 46. Nc2 Rd2 47. Ne3 a3 48. Nbc4 Rb2 49. g4 Rb3 50. Nd2 Rb4 51. Nc2 Rb2 52. Nxa3 Rxd2 53. Nxb5 Nxb5 54. Ra8+ Ke7 55. Rh8 Nd6 56. Rxh7+ Ke6 57. Ke1 Ra2 58. h4 Ne4 59. Rg7 Nxf2 60. g5 Nd3+ 61. Kf1 Nf4 62. gxf6 Kxf6 63. Rh7 Ra5 64. Kf2 Rh5 65. Ra7 Rxh4 66. Kg3 g5 67. Ra6+ Ne6 68. Rb6 Re4 69. Kf3 Rc4 70. Kg3 Kf5 71. Rb5+ Nc5 72. Rb8 Rc3+ 73. Kg2 Kf4 74. Rb4+ Ne4 75. Rb2 Rd3 76. Rb1 Rd2+ 77. Kg1 g4 78. Rb4 Ke3 79. Rb3+ Rd3 80. Rb1 g3 81. Kg2 Rd2+ 82. Kg1 Kf3 83. Rb3+ Kg4 84. Rb8 Ng5 85. Rg8 Rc2 86. Kh1 g2+ 87. Kh2 Kf4 88. Rf8+ Ke3 89. Rd8 g1=Q+ 0-1

[Event "WJCC U20 Open 2019"]
[Site "New Delhi"]
[Date "2019.10.18"]
[Round "5.32"]
[White "Arjun Kalyan"]
[Black "Papadiamandis, Elliot"]
[Result "1-0"]
[ECO "B51"]
[WhiteElo "2483"]
[BlackElo "2190"]
[Annotator "ChessBase"]
[PlyCount "93"]
[EventDate "2019.10.15"]
[EventType "swiss"]
[EventCountry "IND"]
[SourceTitle "playchess.com"]
[Source "ChessBase"]
[SourceQuality "1"]
[TimeControl "40/5400+30:1800+30"]

1. e4 c5 2. Nf3 d6 3. Bb5+ Nd7 4. Ba4 a6 5. c4 Ngf6 6. Nc3 e6 7. O-O Be7 8. d4 cxd4 9. Qxd4 O-O 10. Rd1 Qc7 11. Bxd7 Bxd7 12. Bf4 Bc6 13. Bxd6 Bxd6 14. Qxd6 Qxd6 15. Rxd6 Bxe4 16. Ne5 Rfd8 17. Rad1 Rxd6 18. Rxd6 Rc8 19. f3 Bc6 20. Nxc6 bxc6 21. Na4 Kf8 22. Nb6 Rc7 23. Rd8+ Ke7 24. Ra8 Nd7 25. Rxa6 Nc5 26. Ra5 Kd6 27. b3 Nb7 28. Rh5 g6 29. Rxh7 Kc5 30. Na4+ Kb4 31. Rh8 Rd7 32. Kf2 Rd8 33. Rxd8 Nxd8 34. Ke3 Ka3 35. Nc5 Kxa2 36. Kd3 Ka3 37. Kc3 e5 38. b4 f5 39. b5 cxb5 40. cxb5 g5 41. b6 Nc6 42. b7 Nb8 43. Kc4 e4 44. fxe4 f4 45. h3 Nc6 46. Kb5 Nb8 47. e5 1-0

[Event "WJCC U20 Open 2019"]
[Site "New Delhi"]
[Date "2019.10.18"]
[Round "5.33"]
[White "Tica, Sven"]
[Black "Risting, Eivind Olav"]
[Result "1-0"]
[ECO "E04"]
[WhiteElo "2418"]
[BlackElo "2289"]
[Annotator "NA"]
[PlyCount "167"]
[EventDate "2019.10.15"]
[EventType "swiss"]
[EventCountry "IND"]
[SourceTitle "playchess.com"]
[Source "ChessBase"]
[SourceQuality "1"]
[TimeControl "40/5400+30:1800+30"]

1. d4 Nf6 2. c4 e6 3. g3 d5 4. Bg2 dxc4 5. Nf3 c5 6. O-O Nc6 7. dxc5 Qxd1 8. Rxd1 Bxc5 9. Nbd2 c3 10. bxc3 O-O 11. Nb3 Be7 12. Nfd4 Bd7 13. Nxc6 Bxc6 14. Bxc6 bxc6 15. c4 a5 16. Bd2 $11 Bb4 17. a3 Bxd2 18. Rxd2 a4 19. Nc5 Rfb8 20. Rd6 h5 21. Rxc6 Rb2 22. Kf1 Rc2 23. Nd3 Ne4 24. Ke1 Rb8 25. Nb4 Rb2 26. c5 Nc3 27. Rc1 Nxe2 28. Rb6 Rc8 29. Rc4 Ng1 30. Nc6 Nf3+ 31. Kd1 Rd2+ 32. Kc1 Rd7 33. Nb8 Ra7 34. c6 Kf8 35. Rc3 Nd4 36. Kd2 Rac7 37. Kd3 Nf5 38. Na6 Rd8+ 39. Kc4 Rd4+ 40. Kc5 Rd5+ 41. Kb4 Rc8 42. c7 Ke7 43. Kxa4 Nd6 44. Kb4 Rd2 45. Kb3 e5 46. a4 e4 47. a5 Rxf2 48. Nb4 Rf3 49. Nd5+ Ke6 50. Ne3 Kd7 51. a6 Rxc7 52. Rxc7+ Kxc7 53. a7 Kxb6 54. a8=Q Rxe3+ 55. Kb4 Rd3 56. Qa5+ Kc6 57. Qc5+ Kd7 58. Qxh5 g6 59. Qg4+ Nf5 60. Kc5 Rd4 61. Qe2 Rd6 62. Qxe4 Re6 63. Qb7+ Ke8 64. g4 Ne3 65. Qf3 Kf8 66. h4 Kg7 67. Qf4 Kg8 68. Kd4 f5 69. Qb8+ Kf7 70. g5 Ng4 71. Qh8 Ke7 72. Qg7+ Kd6 73. Qf8+ Kd7 74. h5 gxh5 75. Qxf5 Ke7 76. Qh7+ Kd6 77. Qxh5 Ne5 78. Qh2 Kd7 79. Qxe5 Rxe5 80. Kxe5 Ke7 81. g6 Ke8 82. Ke6 Kf8 83. Kf6 Kg8 84. g7 1-0